 Dungeon Crawl Stone Soup version 0.24.1 (webtiles) character file.

Game seed: 13847224368586569252, levelgen mode: deterministic

263 Peloso the Shield-Bearer (level 5, -7/47 HPs)
             Began as a Minotaur Fighter on Apr 1, 2020.
             Mangled by Sigmund
             ... wielding a +4 scythe of protection
              (11 damage)
             ... on level 3 of the Dungeon.
             The game lasted 00:04:58 (2859 turns).

Peloso the Shield-Bearer (Minotaur Fighter)         Turns: 2859, Time: 00:04:58

Health: -7/47      AC:  8    Str: 20    XL:     5   Next: 97%
Magic:  0/4        EV:  8    Int:  5    God:
Gold:   121        SH: 10    Dex: 11    Spells: 4/4 levels left

rFire    . . .     SeeInvis .   a - +0 long sword
rCold    . . .     Gourm    .   c - +0 shield
rNeg     . . .     Faith    .   b - +0 scale mail
rPois    .         Spirit   +   (helmet restricted)
rElec    .         Reflect  .   h - +0 cloak
rCorr    .         Harm     .   (no gloves)
MR       .....                  (no boots)
Stlth    ..........             e - amulet of guardian spirit
HPRegen  0.15/turn              (no ring)
MPRegen  0.09/turn              (no ring)

@: no status effects
A: retaliatory headbutt, horns 2
a: no special abilities


You were on level 3 of the Dungeon.
You were not hungry.

You visited 1 branch of the dungeon, and saw 3 of its levels.

You collected 121 gold pieces.

Inventory:

Hand Weapons
 a - a +0 long sword (weapon)
Armour
 b - a +0 scale mail (worn)
 c - a +0 shield (worn)
 h - a +0 cloak (worn)
Jewellery
 e - an amulet of guardian spirit (around neck)
Scrolls
 k - a scroll of identify
 l - a scroll of remove curse
Potions
 d - a potion of might
 g - a potion of heal wounds
 j - 3 potions of curing
Comestibles
 f - 4 rations


   Skills:
 + Level 4.4 Fighting
 + Level 4.7 Long Blades
 + Level 4.8 Armour
 + Level 1.4 Dodging
 + Level 0.1 Stealth
 + Level 5.2 Shields


You had 4 spell levels left.
You didn't know any spells.
Your spell library was empty.

Dungeon Overview and Level Annotations

Branches:
Dungeon (3/15)

Altars:
Trog

Annotations:
D:3 Sigmund


Innate Abilities, Weirdness & Mutations

You reflexively headbutt those who attack you in melee.
You have a pair of horns on your head.


Message History

Sigmund casts a spell.
Sigmund flickers and vanishes!
Deactivating autopickup; reactivate with Ctrl-A.
You hit something but do no damage. You headbutt something.
You block something's attack.
You miss something. Something hits you.
Your shield and scale mail prevent you from hitting something.
Your headbutt misses something. Something hits you.
You closely miss something. You miss something. Something hits you!
You hit something but do no damage.
You hear the slow rusting of a drain.
Something hits you but does no damage.
You barely miss something. Your headbutt misses something. Something hits you.
You closely miss something. Something hits you.
You closely miss something. Your headbutt misses something. You hit something.
Something hits you!
* * * LOW HITPOINT WARNING * * *
You hit something but do no damage. Something hits you!
You die...

#..# ....
#..# ....
#..# .....
#..###.....
#..........
#..........
#..........
#..@{......
#.#.#######
#.#.# #.#.#
########.#.#
#........#.#
#.########.#
#.########.#
#.#.........


There were no monsters in sight!

Vanquished Creatures
  Crazy Yiuf (D:2)
  Natasha (thrice) (D:2)
  4 gnolls (D:2)
  4 adders (D:2)
  An adder skeleton (D:2)
  A worm (D:2)
  A dart slug (D:1)
  2 leopard geckos (D:2)
  A ball python (D:2)
  6 bats (D:1)
  A giant cockroach (D:1)
  5 goblins
  18 hobgoblins
  10 jackals (D:2)
  A quokka (D:2)
  7 frilled lizards
  8 kobolds
  3 rats (D:1)
77 creatures vanquished.

Notes
Turn   | Place    | Note
-------+----------+-------------------------------------------
     0 | D:1      | Peloso the Minotaur Fighter began the quest for the Orb.
     0 | D:1      | Reached XP level 1. HP: 19/19 MP: 0/0
   211 | D:1      | Reached XP level 2. HP: 27/27 MP: 1/1
   520 | D:1      | Reached skill level 4 in Shields
   520 | D:1      | Reached XP level 3. HP: 33/33 MP: 2/2
   948 | D:2      | Noticed Natasha
   953 | D:2      | Killed Natasha
   953 | D:2      | Reached skill level 1 in Dodging
   995 | D:2      | Reached XP level 4. HP: 29/40 MP: 3/3
  1498 | D:2      | Reached XP level 5. HP: 46/46 MP: 4/4
  1785 | D:2      | Found a bloodstained altar of Trog.
  1895 | D:2      | Found a runed translucent door.
  1896 | D:2      | Noticed Crazy Yiuf
  2044 | D:2      | Noticed Natasha
  2059 | D:2      | Killed Natasha
  2059 | D:2      | Reached skill level 5 in Shields
  2067 | D:2      | Noticed Natasha
  2073 | D:2      | Killed Natasha
  2585 | D:2      | Killed Crazy Yiuf
  2832 | D:3      | Noticed Sigmund
  2859 | D:3      | Mangled by Sigmund

Levels and vault maps discovered:
D:1:      dpeg_arrival_rhombus, layout_basic, minmay_bisected
D:2:      minmay_inner_zag, layout_loops_ring, first_ration,
          serial_bayou_pond_e, trog_hazing_becter, uniq_natasha,
          uniq_crazy_yiuf_cottage
D:3:      layout_basic, grunt_temple_overflow_cloverleaf, lemuel_round_altar,
          portal_sewer_entry_d, uniq_ijyb, uniq_sigmund, uniq_robin

Skill      XL: |  1  2  3  4  5 |
---------------+----------------+-----
Armour         | 4 |  4.8
Fighting       | 4 |  4.4
Shields        | 4 5 |  5.2
Long Blades    | 3 4 |  4.7
Dodging        | 1 |  1.4
Stealth        | |  0.1

Action                   |  1- 3 |  4- 6 || total
-------------------------+-------+-------++-------
Melee: Long sword        |    86 |   158 ||   244
       Headbutt          |     9 |    19 ||    28
  Use: Scroll            |     1 |     2 ||     3
       Potion            |       |     5 ||     5
 Stab: Invisible         |       |     2 ||     2
  Eat: Chunk             |       |     4 ||     4
       Ration            |       |     1 ||     1
Armor: Scale mail        |    61 |    50 ||   111
Dodge: Dodged            |    30 |    50 ||    80
Block: Shield            |    59 |    73 ||   132
       Rpst.: Long sword |     8 |    14 ||    22
